 Dungeon Crawl Stone Soup version 0.28.0 (webtiles) character file.

Game seed: 10545357369171788075

923 themarg the Caller (level 8, -11/41 HPs)
             Began as a Tengu Summoner on Feb 16, 2022.
             Was a Priest of Kikubaaqudgha.
             Mangled by Duvessa (13 damage)
             ... on level 4 of the Dungeon.
             The game lasted 00:34:59 (5505 turns).

themarg the Caller (Tengu Summoner)                 Turns: 5505, Time: 00:35:00

Health: -11/41     AC:  3    Str:  9    XL:     8   Next: 10%
Magic:  12/15      EV: 16    Int: 17    God:    Kikubaaqudgha [***...]
Gold:   157        SH:  0    Dex: 15    Spells: 6/15 levels left

rFire   + . .      SeeInvis .   f - +0 spear
rCold   x . .      Faith    .   (no shield)
rNeg    . . .      Spirit   .   a - +0 robe
rPois   .          Reflect  .   (helmet restricted)
rElec   .          Harm     .   s - +0 cloak
rCorr   .          Rampage  .   (no gloves)
Will    .....                   (boots unavailable)
Stlth   +++.......              (no amulet)
HPRegen 0.13/turn               m - ring of fire
MPRegen 0.14/turn               (no ring)

@: flying quickly and evasively, quick
A: beak, talons 3, nimble flight
a: Renounce Religion, Receive Corpses


You were on level 4 of the Dungeon.
You worshipped Kikubaaqudgha.
Kikubaaqudgha was most pleased with you.
You visited 1 branch of the dungeon, and saw 4 of its levels.

You collected 157 gold pieces.

Inventory:

Hand Weapons
 d - a +0 short sword
 f - a +0 spear (weapon)
Missiles
 b - 74 stones
 g - a throwing net
 h - 15 poisoned darts
Armour
 a - a +0 robe (worn)
 s - a +0 cloak (worn)
Magical Staves
 c - a staff of fire
Jewellery
 m - a ring of fire (left hand)
Wands
 n - a wand of mindburst (12)
Scrolls
 e - 4 scrolls of teleportation {unknown}
 k - 2 scrolls of noise
 p - a scroll of identify {unknown}
Potions
 j - a potion of might
 l - 2 potions of mutation {unknown}
 q - a potion of berserk rage {unknown}
 r - a potion of degeneration {unknown}
 t - a potion of flight {unknown}


   Skills:
 * Level 4.3 Polearms
 + Level 4.7 Dodging
 + Level 4.6 Stealth
 + Level 4.0 Spellcasting
 + Level 6.8 Summonings
 * Level 0.1 Necromancy


You had 6 spell levels left.
You knew the following spells:

 Your Spells              Type           Power      Damage    Failure   Level
a - Summon Small Mammal   Summ           100%       N/A       1%          1
b - Call Canine Familiar  Summ           26%        N/A       2%          3
c - Animate Skeleton      Necr           6%         N/A       16%         1
d - Summon Guardian Gole  Hex/Summ       15%        N/A       12%         3
e - Pain                  Necr           12%        1d4       16%         1

Your spell library contained the following spells:

 Spells                   Type           Power      Damage    Failure   Level
 Call Imp                 Summ           26%        N/A       1%          2
 Magic Dart               Conj           12%        1d3       16%         1
 Summon Lightning Spire   Summ/Air       15%        N/A       36%         4
 Vampiric Draining        Necr           3%         2d6       41%         3
 Mephitic Cloud           Conj/Pois/Air  3%         N/A       43%         3
 Ozocubu's Armour         Ice            3%         N/A       43%         3
 Animate Dead             Necr           1%         N/A       83%         4
 Dispel Undead            Necr           3%         3d7       83%         4
 Agony                    Necr           3%         N/A       99%         5
 Borgnjor's Vile Clutch   Necr/Erth      1%         N/A       99%         5
 Excruciating Wounds      Necr           1%         N/A       99%         5
 Metabolic Englaciation   Hex/Ice        1%         N/A       99%         5
 Death Channel            Necr           1%         N/A       100%        6
 Dispersal                Tloc           1%         N/A       100%        6
 Simulacrum               Ice/Necr       1%         N/A       100%        6
 Disjunction              Tloc           1%         N/A       100%        8


Dungeon Overview and Level Annotations

Branches:
Dungeon (4/15)
 Temple: D:4-7

Altars:
Fedhas
Kikubaaqudgha
Nemelex Xobeh
Vehumet

Shops:
D:4 (

Annotations:
D:4 Dowan, Duvessa


Innate Abilities, Weirdness & Mutations

You have a beak for a mouth.
You have claws for feet.
Your magical nature lets you fly swiftly and evasively.


Message History

Duvessa draws strength from your wounds!
Your hound disappears in a puff of smoke!
Dowan casts a spell at Duvessa.
Duvessa seems to speed up.
Dowan casts a spell.
Dowan blinks!
Duvessa hits you with a +4 vampiric short sword!
Duvessa hits you with a +4 vampiric short sword!
* * * LOW HITPOINT WARNING * * *
Duvessa draws strength from your wounds!
Okay, then.
It was a potion of heal wounds.
You feel much better.
Duvessa hits you with a +4 vampiric short sword!
Dowan casts a spell at you. You resist with significant effort.
Duvessa hits you with a +4 vampiric short sword.
* * * LOW HITPOINT WARNING * * *
As you read the scroll labelled ASATI VUUZAHUKH, it crumbles to dust.
You feel aware of your surroundings.
It was a scroll of magic mapping.
Duvessa hits you with a +4 vampiric short sword!
* * * LOW HITPOINT WARNING * * *
Unknown command.
You feel much better. Duvessa closely misses you.
Duvessa hits you with a +4 vampiric short sword.
Dowan gestures wildly while chanting.
Dowan blinks!
Duvessa hits you with a +4 vampiric short sword.
Dowan seems less brilliant.
Duvessa hits you with a +4 vampiric short sword!
* * * LOW HITPOINT WARNING * * *
Duvessa barely misses you. Dowan misses you.
Your guardian golem disappears in a puff of smoke!
Duvessa barely misses you.
Duvessa says, "When magic and the sword combine, nothing stands against them."
Duvessa says, "Where magic fails, the sword succeeds!"
Duvessa hits you with a +4 vampiric short sword!
* * * LOW HITPOINT WARNING * * *
Duvessa hits you with a +4 vampiric short sword!
You die...
Kikubaaqudgha rasps: "You have failed me!
Welcome... death!"

#.##.##.#.##......#.......+....#
.##.#.##.#.####'###.......#....#
##.#.#.##.#.##............#....#
#.#.#.#.##.#.##...........+....#
.#..##.#.##.#.##..........#...##
#.#..##.#.##.#.#..........#...##
##.#..##.#.##.#...........#....#
.##..#.##.#.##.................#
#.##..#.##.#.##.@........#.....#
.#.##).#.##.#.##.e.......#....###
#.#.#.#.##.#.#####...#.#.##...##.
##.#.#.##.#.##...........#.......
.##.#.##.#.##........#...#.......
#)##.##.#.##.....................
.#)###.#.##........#####......##.
#.#.#.#.##................#...##.
##.#.#.##........#...#...........


You could see Duvessa (fast).

Vanquished Creatures
  A water moccasin skeleton (D:4)
  A bullfrog zombie (D:4)
  2 hounds
  A centaur skeleton (D:4)
  2 adders
  A gnoll (D:3)
  A dart slug (D:2)
  3 orcs (D:4)
  2 ball pythons
  3 endoplasms
  3 goblins
  3 hobgoblins
  3 jackals
  2 bats
  A frilled lizard (D:3)
  2 kobolds
  5 rats
36 creatures vanquished.

Vanquished Creatures (collateral kills)
  Sigmund (D:2)
  A hound (D:4)
  3 orc priests
  An iguana (D:4)
  4 orc wizards (D:4)
  6 adders
  5 gnolls
  3 worms
  3 dart slugs
  6 orcs
  A bat (D:1)
  3 endoplasms
  A giant cockroach (D:1)
  3 hobgoblins
  3 jackals (D:3)
  4 quokkas
  2 ball pythons (D:2)
  3 frilled lizards
  A goblin (D:2)
  8 kobolds
  3 rats
65 creatures vanquished.

Vanquished Creatures (others)
  A black bear (D:4)
  An orc wizard (D:4)
2 creatures vanquished.

Grand Total: 103 creatures vanquished

Notes
Turn   | Place    | Note
-------+----------+-------------------------------------------
     0 | D:1      | themarg the Tengu Summoner began the quest for the Orb.
     0 | D:1      | Reached XP level 1. HP: 10/10 MP: 4/4
   605 | D:1      | Reached XP level 2. HP: 6/15 MP: 4/6
   824 | D:1      | Reached skill level 5 in Summonings
  1545 | D:2      | Found a faded altar of an unknown god.
  1552 | D:2      | Reached XP level 3. HP: 17/19 MP: 7/7
  1560 | D:2      | Prayed at the altar of an unknown god.
  1560 | D:2      | Became a worshipper of Kikubaaqudgha
  1560 | D:2      | Reached * piety under Kikubaaqudgha
  1560 | D:2      | Received a gift from Kikubaaqudgha
  1702 | D:2      | Noticed Sigmund
  1724 | D:2      | Learned a level 3 spell: Call Canine Familiar
  1967 | D:2      | Killed Sigmund
  1968 | D:2      | Reached XP level 4. HP: 7/24 MP: 1/9
  1968 | D:2      | Gained mutation: Your magical nature lets you fly swiftly
                  | and evasively. [Tengu growth]
  1968 | D:2      | Reached XP level 5. HP: 9/28 MP: 1/10
  2362 | D:2      | Reached XP level 6. HP: 25/32 MP: 11/11
  2443 | D:2      | Reached skill level 1 in Polearms
  2608 | D:2      | Learned a level 1 spell: Animate Skeleton
  2612 | D:2      | Learned a level 3 spell: Summon Guardian Golem
  2907 | D:2      | Learned a level 1 spell: Pain
  3201 | D:3      | Found a radiant altar of Vehumet.
  3213 | D:3      | Reached ** piety under Kikubaaqudgha
  3231 | D:3      | Reached skill level 6 in Summonings
  3707 | D:3      | Found a blossoming altar of Fedhas.
  4006 | D:3      | Found an ancient bone altar of Kikubaaqudgha.
  4022 | D:3      | Found a sparkling altar of Nemelex Xobeh.
  4161 | D:4      | Reached XP level 7. HP: 36/36 MP: 13/13
  4161 | D:4      | Found Haunoimi's Weapon Boutique.
  4868 | D:4      | Reached XP level 8. HP: 41/41 MP: 11/14
  5031 | D:4      | Noticed Duvessa
  5031 | D:4      | Noticed Dowan
  5065 | D:4      | Reached *** piety under Kikubaaqudgha
  5065 | D:4      | Received a gift from Kikubaaqudgha
  5488 | D:4      | HP: 2/41 [Duvessa (8)]
  5503 | D:4      | HP: 1/41 [Duvessa (9)]
  5505 | D:4      | Mangled by Duvessa

Illustrated notes

Levels and vault maps discovered:
D:1:      onia_arrival_mini_maze_b, layout_basic
D:2:      layout_loops_ring, nicolae_ecumenical_snake_handling, uniq_sigmund
D:3:      layout_rooms, mainiacjoe_overflow_alcove_4,
          mainiacjoe_overflow_catch_the_wave, mainiacjoe_overflow_catwalk
D:4:      minmay_inner_zag, layout_gridville, serial_shops,
          nicolae_shop_bloodbath_and_beyond, hangedman_decor_lopped,
          uniq_duvessa

Skill      XL: |  1  2  3  4  5  6  7  8 |
---------------+-------------------------+-----
Summonings     | 5 6 |  6.8
Dodging        | 3 4 |  4.7
Stealth        | 3 4 |  4.6
Spellcasting   | 3 4 |  4.0
Polearms       | 2 4 |  4.3
Necromancy     | |  0.1

Action                   |  1- 3 |  4- 6 |  7- 9 || total
-------------------------+-------+-------+-------++-------
Melee: Short sword       |    29 |       |       ||    29
       Peck              |     4 |     7 |    11 ||    22
       Kick              |     9 |    13 |     7 ||    29
       Spear             |       |    62 |    59 ||   121
       Punch             |       |     1 |       ||     1
 Cast: Summon Small Mamm |    29 |    11 |       ||    40
       Call Canine Famil |     9 |    16 |    14 ||    39
       Summon Guardian G |       |     1 |     8 ||     9
       Animate Skeleton  |       |     1 |     2 ||     3
Evoke: Wand              |       |       |     1 ||     1
  Use: Scroll            |       |     1 |     1 ||     2
       Potion            |       |       |     2 ||     2
 Stab: Sleeping          |     1 |     1 |     2 ||     4
       Distracted        |       |     1 |     1 ||     2
Armor: Robe              |     4 |     5 |     1 ||    10
Dodge: Dodged            |    23 |    41 |    18 ||    82
